 Dungeon Crawl Stone Soup version 0.27-a0-78-g75406f0b48 (webtiles) character file.

Game seed: 7224291196789531289

57 knot the Chopper (level 3, 0/43 HPs)
             Began as a Demonspawn Berserker on Jan 14, 2021.
             Was a Believer of Trog.
             Slain by an adder (1 damage)
             ... on level 2 of the Dungeon.
             The game lasted 00:01:29 (1354 turns).

knot the Chopper (Demonspawn Berserker)             Turns: 1354, Time: 00:01:30

Health: 0/43       AC:  6    Str: 17    XL:     3   Next: 73%
Magic:  3/3        EV: 11    Int:  9    God:    Trog [**....]
Gold:   29         SH:  0    Dex: 12    Spells: 2/2 levels left

rFire    . . .     SeeInvis .   f - +4 spear
rCold    . . .     Faith    .   (no shield)
rNeg     . . .     Spirit   .   c - +0 ring mail (curse)
rPois    .         Reflect  .   (no helmet)
rElec    .         Harm     .   (no cloak)
rCorr    .         Rampage  .   (no gloves)
Will     .....                  (no boots)
Stlth    ..........             i - amulet of inaccuracy (curse)
HPRegen  0.14/turn              (no ring)
MPRegen  0.08/turn              (no ring)

@: berserking, lethally poisoned (0 -> -2), slowed
A: powered by death 1, sharp scales 1
a: Renounce Religion, Berserk, Trog's Hand


You were on level 2 of the Dungeon.
You worshipped Trog.
Trog was pleased with you.
You visited 1 branch of the dungeon, and saw 2 of its levels.

You collected 29 gold pieces.

Inventory:

Hand Weapons
 a - a +0 hand axe
 f - a +4 spear (weapon)
Missiles
 e - 70 stones
 g - 29 arrows
 j - 14 bolts
Armour
 b - a +0 animal skin
 c - a cursed +0 ring mail (worn)
Jewellery
 i - a cursed amulet of inaccuracy (around neck)
Wands
 m - a wand of iceblast (10)
Scrolls
 k - a scroll of magic mapping {unknown}
 l - a scroll of fear {unknown}
 n - a scroll of enchant weapon {unknown}
 o - a scroll of enchant armour {unknown}
 p - a scroll of immolation {unknown}
Potions
 d - 2 potions of curing {unknown}
 h - 2 potions of lignification {unknown}


   Skills:
 - Level 3.0 Fighting
 + Level 4.3 Axes
 - Level 1.7 Armour
 - Level 1.7 Dodging


You had 2 spell levels left.
You didn't know any spells.
Your spell library was empty.

Dungeon Overview and Level Annotations

Branches:
Dungeon (2/15)

Altars:

Annotations:
D:2 Natasha


Innate Abilities, Weirdness & Mutations

You regenerate a little health from kills.
You are partially covered in razor-sharp scales. (AC +1, Slay +1)


Message History

The ufetubus hits you but does no damage.
The ufetubus hits you.
* * * LOW HITPOINT WARNING * * *
The ufetubus hits you.
* * * LOW HITPOINT WARNING * * *
The ufetubus hits you but does no damage.
The adder barely misses you.
Natasha mumbles some strange words.
You closely miss Natasha.
Natasha is moderately wounded.
The ufetubus barely misses you. The ufetubus closely misses you.
The adder barely misses you. Natasha claws you but does no damage.
Unknown command.
You puncture Natasha!
Natasha is severely wounded.
The ufetubus hits you but does no damage.
The ufetubus hits you.
* * * LOW HITPOINT WARNING * * *
The adder bites you.
You die...

### .. .#
#################.#
..................##
#.†....#####@5.#
#####.####.# #5hS..#
......# #.#
#....>.... #######
#.# #.....#### #.#
##...## #.# #..##
..# #... ### ...#
####


You could see Natasha (strong), an adder, a white imp (summoned) and an
ufetubus.

Vanquished Creatures
  A gnoll (D:1)
  An adder (D:2)
  An ooze (D:1)
  2 leopard geckos (D:1)
  5 goblins
  5 hobgoblins
  2 jackals (D:1)
  3 ball pythons (D:1)
  3 bats
  2 frilled lizards (D:1)
  4 kobolds (D:1)
  4 rats
33 creatures vanquished.

Vanquished Creatures (others)
  3 plants (D:1)
3 creatures vanquished.

Grand Total: 36 creatures vanquished

Notes
Turn   | Place    | Note
-------+----------+-------------------------------------------
     0 | D:1      | knot the Demonspawn Berserker began the quest for the Orb.
     0 | D:1      | Reached XP level 1. HP: 18/18 MP: 1/1
   154 | D:1      | Reached skill level 3 in Axes
   171 | D:1      | Gained mutation: You regenerate a little health from kills.
                  | [demonic ancestry]
   171 | D:1      | Reached XP level 2. HP: 24/24 MP: 2/2
   628 | D:1      | Gained mutation: You are partially covered in razor-sharp
                  | scales. (AC +1, Slay +1) [demonic ancestry]
   628 | D:1      | Reached XP level 3. HP: 29/29 MP: 3/3
   741 | D:1      | Reached skill level 4 in Axes
  1201 | D:2      | Reached ** piety under Trog
  1344 | D:2      | Noticed Natasha
  1352 | D:2      | HP: 2/43 [ufetubus (4)]
  1354 | D:2      | Slain by an adder

Illustrated notes

Levels and vault maps discovered:
D:1:      amcnicky_arrival_underground_garden, layout_basic, serial_forest,
          infiniplex_forest_clump_diagonal, infiniplex_forest_corner_2,
          infiniplex_forest_clump_tiny, infiniplex_forest_clump_diagonal,
          infiniplex_forest_clump_small, infiniplex_forest_lined_corner,
          infiniplex_forest_straight_3, infiniplex_forest_clump_long
D:2:      layout_loops_ring, uniq_crazy_yiuf_cottage, uniq_natasha

Skill      XL: |  1  2  3 |
---------------+----------+-----
Axes           | 3 4 |  4.3
Fighting       | |  3.0
Armour         | |  1.7
Dodging        | |  1.7

Action                   || total
-------------------------++-------
Melee: Hand axe          ||    39
       Spear             ||    66
Invok: Berserk           ||     2
Armor: Ring mail         ||    34
       Animal skin       ||     1
Dodge: Dodged            ||    60

Table legend: (Time is in decaauts)
 A = Elapsed time spent in this place.
 B = Non-inter-level travel time spent in this place.
 C = Inter-level travel time spent in this place.
 D = Time resting spent in this place.
 E = Time spent auto-exploring this place.
 F = Levels seen in this place.
 G = Mean time per level.
                   A        B        C        D        E       F      G
               +--------+--------+--------+--------+--------+-----+--------+
         Total |   1371 |   1357 |     14 |    146 |    981 |   2 |  685.5 |
       Dungeon |   1371 |   1357 |     14 |    146 |    981 |   2 |  685.5 |
               +--------+--------+--------+--------+--------+-----+--------+

Top non-repeatable levels by time:
     D:1: 1114 daAuts
     D:2: 256 daAuts
